 Dungeon Crawl Stone Soup version 0.30.0-5-g1a98f26d00 (webtiles) character file.

Game seed: 16078199713481186303

71 Brutalitops the Ruffian (level 4, -1/41 HPs)
             Began as a Troll Air Elementalist on May 9, 2023.
             Slain by a goblin
             ... wielding a +0 club
             ... led by Robin
              (5 damage)
             ... on level 2 of the Dungeon.
             The game lasted 00:04:10 (1215 turns).

Brutalitops the Ruffian (Troll Air Elementalist)    Turns: 1215, Time: 00:04:11

Health: -1/41      AC:  4    Str: 18    XL:     4   Next: 5%
Magic:  4/4        EV:  9    Int: 11    God:
Gold:   69         SH:  0    Dex: 10    Spells: 4/5 levels left

rFire   + .          .
                       - Unarmed
rCold   + . .        (no shield)
rNeg    . . .        a - +0 robe
rPois   +            (helmet restricted)
rElec   +            (no cloak)
rCorr   +            (gloves unavailable)
SInv    .            (boots unavailable)
Will    .....        (no amulet)
Stlth   +            (no ring)
HPRegen 1.06/turn    (no ring)
MPRegen 0.09/turn

%: no passive effects
@: brilliant, resistant
A: large, unfitting armour, claws 3, regeneration 1, shaggy fur 1, tough skin 1
a: no special abilities


You were on level 2 of the Dungeon.
You visited 1 branch of the dungeon, and saw 2 of its levels.

You collected 69 gold pieces.

Inventory:

Armour
 a - a +0 robe (worn)
Scrolls
 h - a scroll of identify {unknown}
 i - a scroll of amnesia {unknown}
 j - a scroll of silence {unknown}
Potions
 b - a potion of magic
 d - 2 potions of flight
 e - a potion of resistance
 f - a potion of curing {unknown}
 g - a potion of degeneration {unknown}


   Skills:
 * Level 1.6 Fighting
 - Level 1.5 Dodging
 - Level 1.0 Stealth
 * Level 2.9 Unarmed Combat
 - Level 1.2 Spellcasting
 - Level 0.6 Conjurations
 - Level 2.0 Air Magic


You had 4 spell levels left.
You knew the following spells:

 Your Spells              Type           Power      Damage    Failure   Level
a - Shock                 Conj/Air       20%        1d4       19%         1

Your spell library contained the following spells:

 Spells                   Type           Power      Damage    Failure   Level
 Static Discharge         Conj/Air       10%        2-3/arc   28%         2
 Poisonous Vapours        Pois/Air       8%         N/A       32%         2
 Swiftness                Air            7%         N/A       38%         3
 Mephitic Cloud           Conj/Pois/Air  3%         N/A       54%         3
 Airstrike                Air            3%         2d(1-17)  80%         4
 Freezing Cloud           Conj/Ice/Air   1%         6-21      99%         5


Dungeon Overview and Level Annotations

Branches:
Dungeon (2/15)

Altars:

Annotations:
D:2 Robin


Innate Abilities, Weirdness & Mutations

You are too large for most types of armour.
You have claws for hands.
Your natural rate of healing is unusually fast.
You are covered in fur. (AC +1)
You have tough skin. (AC +1)


Message History

You kill the hobgoblin!
You have reached level 4!
You closely miss the hobgoblin. The hobgoblin hits you.
You scratch the hobgoblin.
The hobgoblin is almost dead.
The hobgoblin hits you but does no damage.
You scratch the hobgoblin.
You kill the hobgoblin!
You barely miss the goblin. Robin throws the goblin at you!
The goblin hits you with a +0 club.
You claw the hobgoblin!
You kill the hobgoblin!
Robin roars a battlecry!
The goblin goes into a battle-frenzy!
The goblin hits you with a +0 club.
You closely miss the goblin. The goblin barely misses you.
You closely miss the goblin. The goblin hits you with a +0 club.
Robin hits you with a +2 mace of protection.
You closely miss the goblin.
Robin hits you with a +2 mace of protection!
The goblin hits you with a +0 club.
You scratch Robin.
Robin is heavily wounded.
The goblin barely misses you.
Robin hits you with a +2 mace of protection.
* * * LOW HITPOINT WARNING * * *
You scratch Robin.
Robin is severely wounded.
The goblin hits you but does no damage.
Robin hits you with a +2 mace of protection.
* * * LOW HITPOINT WARNING * * *
It was a potion of resistance.
You feel protected.
Robin hits you with a +2 mace of protection!
* * * LOW HITPOINT WARNING * * *
The goblin hits you but does no damage.
It was a potion of brilliance.
You feel clever all of a sudden. The goblin hits you with a +0 club.
You die...

#........#
#.######.##########
#..................
#################.##########
#...gg...g.##..............
#g########g##.####.########
#........#.##.# #.#
+...gSggg#.##g# #.#
#....ggg.#.##@# #.#
#....gg.g#.##g# #.#
#.....gg.#....# #.#
##################.#
#######............##.#
#.....'......#####.##.#
#.#####...............#
#.#.....####..####)####
#.#.....# #..# #.#


You could see Robin and a goblin (strong).

Vanquished Creatures
  An adder (D:2)
  A worm (D:2)
  A dart slug (D:1)
  5 endoplasms
  3 giant cockroaches
  8 goblins
  9 hobgoblins
  2 jackals (D:1)
  2 quokkas (D:1)
  5 ball pythons
  7 bats
  2 frilled lizards
  4 kobolds
  2 rats
52 creatures vanquished.

Notes
Turn   | Place    | Note
-------+----------+-------------------------------------------
     0 | D:1      | Brutalitops the Troll Air Elementalist began the quest for
                  | the Orb.
     0 | D:1      | Reached XP level 1. HP: 16/16 MP: 1/1
    67 | D:1      | Reached skill level 1 in Unarmed Combat
    70 | D:1      | Reached XP level 2. HP: 26/26 MP: 2/2
   101 | D:1      | Reached skill level 1 in Fighting
   367 | D:1      | Reached XP level 3. HP: 33/33 MP: 3/3
  1172 | D:2      | Noticed Robin
  1204 | D:2      | Reached XP level 4. HP: 39/41 MP: 4/4
  1215 | D:2      | Slain by a goblin

Illustrated notes

Levels and vault maps discovered:
D:1:      wheals_arrival_linesprint, layout_loops_ring
D:2:      minmay_alternating_diamond, layout_basic, basic_ecumenical_altar,
          uniq_terence, uniq_robin

Skill      XL: |  1  2  3 |
---------------+----------+-----
Unarmed Combat | 1 2 |  2.9
Fighting       | 1 |  1.6
Dodging        | |  1.5
Stealth        | |  1.0
Spellcasting   | |  1.2
Conjurations   | |  0.6
Air Magic      | |  2.0

Action                     |  1- 3 |  4- 6 || total
---------------------------+-------+-------++-------
  Melee: Unarmed           |   162 |    10 ||   172
         Punch             |     2 |       ||     2
    Use: Scroll            |     2 |       ||     2
         Potion            |     1 |     2 ||     3
   Stab: Sleeping          |     5 |       ||     5
 Armour: Robe              |    50 |     4 ||    54
  Dodge: Dodged            |    78 |     2 ||    80
